 Dungeon Crawl Stone Soup version 0.18.1-48-g4cf74bf (webtiles) character file.

106579 tyrion the Unseen (level 15, -7/77 HPs)
             Began as a Spriggan Enchanter on July 4, 2016.
             Was the Champion of Okawaru.
             Killed from afar by a spriggan druid (21 damage)
             ... with a stone arrow
             ... on level 2 of the Swamp.
             The game lasted 02:18:18 (33974 turns).

tyrion the Unseen (Spriggan Enchanter)             Turns: 33974, Time: 02:18:18

Health: -7/77      AC:  7    Str:  8      XL:     15   Next: 98%
Magic:  21/42      EV: 31    Int: 33      God:    Okawaru [******]
Gold:   2168       SH: 10    Dex: 15 (16) Spells: 10 memorised, 5 levels left

rFire  + . .     SeeInvis +     h - +4 dagger (speed)
rCold  . . .     Gourm    .     V - +0 animal skin of Compression {Int+3 Slay+2}
rNeg   . . .     Faith    .     O - +3 buckler {rF+}
rPois  .         Spirit   .     N - +3 hat of Pondering {ponderous, MR+ MP+10 Int+5}
rElec  .         Dismiss  .     M - +1 cloak {+Inv}
rCorr  .         Reflect  .     (gloves unavailable)
SustAt .         Harm     .     (boots unavailable)
MR     +++..                    (no amulet)
Stlth  ++++++++..               L - +5 ring of intelligence
                                z - ring of wizardry

@: very slightly contaminated, studying Dodging, invisible, very quick,
extremely resistant to hostile enchantments, extraordinarily stealthy
A: unfitting armour, see invisible, deterioration 1, herbivore 3, speed 3, slow
metabolism 2
a: Heroism, Finesse, Renounce Religion


You were on level 2 of the Swamp.
You worshipped Okawaru.
Okawaru was exalted by your worship.
You were not hungry.

You visited 4 branches of the dungeon, and saw 27 of its levels.
You also visited: Sewer.

You collected 3021 gold pieces.
You spent 853 gold pieces at shops.

Inventory:

Hand Weapons
 h - a +4 dagger of speed (weapon)
 p - a +0 short sword of venom
 y - a +2 dagger of flaming
 R - a +0 blowgun
Missiles
 v - 3 curare-tipped needles
Armour
 i - a +1 robe of cold resistance
 M - a +1 cloak of invisibility (worn)
 N - the +3 hat of Pondering (worn) {ponderous, MR+ MP+10 Int+5}
   (You took it off Gastronok on level 10 of the Dungeon)

   It affects your intelligence (+5).
   It affects your resistance to hostile enchantments.
   It affects your magic capacity (+10).
 O - a +3 buckler of fire resistance (worn)
 U - a +1 robe of the Archmagi
 V - the +0 animal skin of Compression (worn) {Int+3 Slay+2}
   (Okawaru gifted it to you on level 12 of the Dungeon)

   It affects your intelligence (+3).
   It affects your accuracy and damage with ranged weapons and melee attacks
   (+2).
Jewellery
 e - an uncursed ring of resist corrosion
 o - an uncursed ring of wizardry
 z - a ring of wizardry (left hand)
 G - an uncursed ring of poison resistance
 L - a +5 ring of intelligence (right hand)
 S - an uncursed ring of sustain attributes
 T - an uncursed ring of stealth
Wands
 j - a wand of iceblast (10/15)
 n - a wand of lightning (7/15)
 t - a wand of lightning (15/15)
 H - a wand of lightning (5/15)
 K - a wand of random effects (15/48)
 W - a wand of iceblast (5/15)
 Y - a wand of iceblast (3/15)
Scrolls
 a - 2 scrolls of magic mapping
 c - 2 scrolls of summoning
 m - 9 scrolls of teleportation
 u - 3 scrolls of amnesia
 w - a scroll of brand weapon
 C - 6 scrolls of identify
 D - 2 scrolls of fog
 J - 9 scrolls of remove curse
Potions
 b - 3 potions of ambrosia
 g - 4 potions of agility
 l - 4 potions of flight
 q - 3 potions of magic
 r - 2 potions of might
 B - 4 potions of brilliance
 F - 9 potions of curing
 I - 2 potions of cancellation
Books
 k - a book of Ice

   Spells                             Type                      Level
   a - Ice Form                       Ice/Transmutation            4
   b - Metabolic Englaciation         Hexes/Ice                    5
   c - Ozocubu's Refrigeration        Ice                          6
   d - Bolt of Cold                   Conjuration/Ice              6
   e - Freezing Cloud                 Conjuration/Ice/Air          6
   f - Simulacrum                     Ice/Necromancy               6
 A - a book of Burglary

   Spells                             Type                      Level
   a - Swiftness                      Charms/Air                   2
   b - Passwall                       Transmutation/Earth          2
   c - Passage of Golubria            Translocation                4
   d - Lee's Rapid Deconstruction     Earth                        5
   e - Darkness                       Hexes                        6
   f - Invisibility                   Hexes                        6
 E - a book of Battle

   Spells                             Type                      Level
   a - Infusion                       Charms                       1
   b - Shroud of Golubria             Charms/Translocation         2
   c - Song of Slaying                Charms                       2
   d - Spectral Weapon                Hexes/Charms                 3
   e - Regeneration                   Charms/Necromancy            3
 P - a manual of Dodging
 Z - a book of Enchantments

   Spells                             Type                      Level
   a - Cause Fear                     Hexes                        4
   b - Yara's Violent Unravelling     Hexes/Transmutation          5
   c - Silence                        Hexes/Air                    5
   d - Deflect Missiles               Charms/Air                   6
   e - Haste                          Charms                       6
   f - Discord                        Hexes                        8
Comestibles
 d - 10 bread rations
 s - a slice of pizza


   Skills:
 + Level 8.0 Fighting
 * Level 12.5 Short Blades
 * Level 17.5 Dodging
 * Level 18.3 Stealth
 - Level 5.6 Shields
 * Level 12.4 Spellcasting
 + Level 12.4 Hexes
 + Level 9.2 Charms
 - Level 4.0 Necromancy
 * Level 2.6 Air Magic
 - Level 5.1 Invocations


You had 5 spell levels left.
You knew the following spells:

 Your Spells              Type           Power        Failure   Level  Hunger
a - Corona                Hex            #######      0%          1    None
b - Ensorcelled Hibernat  Hex/Ice        ######       1%          2    None
c - Confuse               Hex            #######.     1%          3    None
d - Dazzling Spray        Conj/Hex       ######       1%          3    None
e - Invisibility          Hex            #######.     1%          6    ####...
f - Summon Butterflies    Summ           ###.....     1%          1    None
g - Apportation           Tloc           ###.......   1%          1    None
h - Dispel Undead         Necr           #####...     6%          5    None
i - Haste                 Chrm           ######..     4%          6    ####...
j - Silence               Hex/Air        ######....   1%          5    None


Dungeon Overview and Level Annotations

Branches:
Dungeon (15/15)            Temple (0/1) D:7            Lair (8/8) D:11
  Swamp (2/4) Lair:3        Snake (0/4) Lair:5        Slime (0/6) Lair:7
    Orc (2/2) D:12            Elf (0/3) Orc:2        Vaults (0/5) D:13
 Depths: D:15

Altars:
Ashenzari
Dithmenos
Fedhas
Makhleb
Nemelex Xobeh
Okawaru
Pakellas
Qazlal
Ru
Sif Muna
Vehumet
Xom
Zin

Shops:
D:5 %*   D:7 *   D:14 [   Orc:1 }   Orc:2 (*=[


Innate Abilities, Weirdness & Mutations

You are tiny and cannot use many weapons and most armour.
You have supernaturally acute eyesight.
You are a herbivore.
You cover ground extremely quickly.
You need consume almost no food.
Your body sometimes deteriorates upon taking damage.


Message History

Unknown command.
Unknown command.
Unknown command.
Unknown command.
Read which item? (? for menu, Esc to quit)
Okay, then.
Evoke which item? (* to show all) (? for menu, Esc to quit)
Okay, then.
Drink which item? (? for menu, Esc to quit)
Okay, then.
Casting: Confuse
Confirm with . or Enter, or press ? or * to list all spells.
Aiming: Invisibility
Press: ? - help, Shift-Dir - straight line, f - you, p - spriggan druid You fade into invisibility!
You are very lightly contaminated with residual magic.
A root lunges up near you.
The spriggan druid points at you and mumbles some strange words.
The stone arrow hits you!
You die...

.....≈≈.♣♣ ≈≈...≈≈≈.♣
≈≈≈..§≈≈.♣♣
≈≈≈.♣...≈≈♣♣♣♣♣♣ ♣♣♣♣
§≈≈.♣..♣♣♣≈♣...♣♣♣.≈♣
≈♣♣♣..≈≈≈..≈≈≈.♣≈.§§♣♣
♣♣♣≈≈≈≈≈.≈≈.≈≈≈.†.≈..♣
♣♣≈≈≈≈≈.≈≈≈.≈≈≈♣≈♣♣♣♣
♣≈≈.≈≈≈≈.§≈≈≈≈≈.@♣♣
§≈≈.♣≈≈♣♣♣....iiD♣
♣≈≈≈≈♣.≈♣♣...≈♣≈i♣
♣...♣♣♣≈≈.≈≈≈.≈..♣♣
♣♣♣♣ ♣≈♣..≈≈≈≈...≈♣
..≈≈..≈≈≈.♣♣♣♣
♣..≈≈≈≈≈≈≈.♣♣
≈.≈≈≈≈≈≈≈≈≈.♣
.≈≈≈≈≈≈≈....♣


You could see an eight-headed hydra, a spriggan rider, a spriggan druid and a
spriggan.

Vanquished Creatures
  Rupert (D:13)
  Frances (D:13)
  Gastronok (D:10)
  2 orc warlords (Orc:1)
  A stone giant (Orc:2)
  The ghost of kgarrison343 the Stickfighter, a journeyman MiGl of Okawaru (Lair:6)
  Snorg (D:10)
  A vault guard (D:15)
  Harold (D:12)
  6 hydras
  3 catoblepae (Lair:8)
  3 centaur warriors
  3 alligators
  A tengu warrior (Swamp:1)
  10 death yaks (Lair:8)
  3 orc high priests (Orc:2)
  Urug (Lair:1)
  A fire crab (Lair:7)
  4 skeletal warriors
  A shambling mangrove (Swamp:1)
  3 hill giants
  Pikel (D:7)
  4 orc sorcerers
  6 orc knights
  A griffon (D:10)
  5 cyclopes
  6 ugly things (D:14)
  2 manticores
  2 hornets (Swamp:1)
  4 elephants (Lair:5)
  6 black mambas
  Maurice (D:9)
  A torpor snail (Lair:7)
  A gargoyle (D:14)
  17 spiny frogs
  6 centaur skeletons
  2 rime drakes (Lair:7)
  An efreet (D:13)
  4 komodo dragons
  The ghost of Exodious the Poker, an amateur MiBe of Trog (D:4)
  5 polar bears
  A troll (shapeshifter) (D:13)
  A tengu conjurer (Swamp:1)
  3 trolls
  A giant leech (Swamp:1)
  9 slime creatures
  A wolf spider simulacrum (D:15)
  10 blink frogs
  A merfolk (Lair:7)
  A bog body (Swamp:1)
  4 boulder beetles
  Sigmund (D:6)
  3 spriggans
  3 wyverns
  A water elemental (D:11)
  2 shadows (D:10)
  5 basilisks
  74 yaks
  16 humans
  13 hippogriffs
  6 vampire mosquitoes (Swamp:1)
  3 hungry ghosts
  A naga (Lair:5)
  3 wargs
  A soldier ant (shapeshifter) (D:11)
  4 insubstantial wisps (Swamp:1)
  A mottled dragon (D:11)
  4 swamp worms (Swamp:1)
  Duvessa (D:6)
  7 water moccasins
  7 porcupines
  Purgy (Sewer)
  2 swamp drakes (Swamp:1)
  A giant eyeball (D:15)
  4 black bears
  3 wasps
  11 ice beasts
  32 orc warriors
  3 sky beasts
  A slave (D:7)
  17 ogres
  An eye of draining (D:13)
  17 wolves
  5 phantoms
  25 centaurs
  15 crocodiles
  2 big kobolds
  21 giant frogs
  Blork the orc (D:6)
  A gnoll sergeant (D:6)
  A wyvern skeleton (D:8)
  3 scorpions
  Dowan (D:6)
  11 killer bees
  19 wights
  3 electric eels (Lair:3)
  2 centaur zombies
  5 crimson imps
  A giant frog zombie (D:5)
  2 quasits
  6 hounds
  17 orc priests
  12 jellies
  Crazy Yiuf (D:7)
  6 giant frog skeletons
  23 orc wizards
  Jessica (D:2)
  13 iguanas
  10 worker ants
  17 sheep
  A hound skeleton (D:10)
  A howler monkey zombie (D:8)
  11 gnolls
  13 adders
  27 river rats
  4 shadow imps
  4 oozes (Lair:7)
  3 adder zombies
  An adder skeleton (D:9)
  A worm (D:4)
  3 dart slugs
  4 giant geckos
  75 orcs
  7 giant cockroaches
  9 goblins
  6 hobgoblins
  3 jackals (D:2)
  2 quokkas (D:8)
  2 ball pythons (D:3)
  15 bats
  A giant gecko skeleton (D:4)
  9 giant newts
  14 kobolds
  A quokka zombie (D:9)
  14 rats
861 creatures vanquished.

Vanquished Creatures (others)
  A centaur warrior (D:14)
  A kobold demonologist (D:15)
  2 giant frogs
  2 slaves (D:7)
  An ogre (Orc:1)
  A centaur (D:13)
  A wight (D:7)
  An orc wizard (Orc:1)
  An orc (D:7)
  9 fungi
  12 plants
32 creatures vanquished.

Grand Total: 893 creatures vanquished

Notes
Turn   | Place    | Note
--------------------------------------------------------------
     0 | D:1      | tyrion the Spriggan Enchanter began the quest for the Orb.
     0 | D:1      | Reached XP level 1. HP: 9/9 MP: 5/5
   450 | D:1      | Reached XP level 2. HP: 12/13 MP: 6/6
   495 | D:1      | Learned a level 2 spell: Ensorcelled Hibernation
   810 | D:1      | Reached skill level 5 in Stealth
  1001 | D:2      | Reached XP level 3. HP: 16/16 MP: 5/8
  1447 | D:2      | Found a shattered altar of Ashenzari.
  1457 | D:2      | Noticed Jessica
  1819 | D:2      | Found a burning altar of Makhleb.
  1844 | D:2      | Reached XP level 4. HP: 17/21 MP: 9/9
  1904 | D:2      | Learned a level 3 spell: Confuse
  1960 | D:2      | Killed Jessica
  1960 | D:2      | Reached skill level 6 in Stealth
  1960 | D:2      | Reached skill level 5 in Hexes
  2171 | D:2      | Found a sacrificial altar of Ru.
  2291 | D:3      | Reached XP level 5. HP: 24/24 MP: 8/11
  2309 | D:3      | Found a radiant altar of Vehumet.
  2370 | D:3      | Found a glowing drain.
  2446 | Sewer    | Entered a sewer
  2458 | Sewer    | Noticed Purgy
  2468 | Sewer    | Killed Purgy
  2468 | Sewer    | Reached skill level 7 in Stealth
  2496 | Sewer    | Noticed sirboomalot's ghost (novice CeHu)
  2703 | D:3      | Found an oddly glowing altar of Pakellas.
  2735 | D:3      | Found a faded altar to an unknown god.
  2817 | D:3      | Found an iron altar of Okawaru.
  2825 | D:3      | Became a worshipper of Warmaster Okawaru
  2845 | D:3      | Reached XP level 6. HP: 28/28 MP: 10/13
  3439 | D:4      | Learned a level 3 spell: Dazzling Spray
  3514 | D:4      | Reached skill level 8 in Stealth
  3741 | D:4      | Reached skill level 9 in Stealth
  3837 | D:4      | Reached skill level 1 in Fighting
  3837 | D:4      | Reached XP level 7. HP: 33/33 MP: 8/14
  3842 | D:4      | Reached * piety under Okawaru
  3928 | D:4      | Noticed Exodious's ghost (amateur MiBe)
  3949 | D:4      | Found a shimmering altar of Xom.
  4150 | D:4      | Killed Exodious's ghost
  4150 | D:4      | Reached skill level 11 in Stealth
  4211 | D:4      | Found an oddly glowing altar of Pakellas.
  4211 | D:4      | Found a shadowy altar of Dithmenos.
  4212 | D:4      | Found a deep blue altar of Sif Muna.
  4246 | D:5      | Entered Level 5 of the Dungeon
  4283 | D:5      | Found Keow's General Store.
  4286 | D:5      | Bought a +3 ring of evasion for 231 gold pieces
  4306 | D:5      | Reached XP level 8. HP: 37/37 MP: 15/15
  4471 | D:5      | Reached ** piety under Okawaru
  4471 | D:5      | Reached skill level 1 in Invocations
  4645 | D:5      | Found Makare's Food Emporium.
  4658 | D:5      | Bought 2 fruits for 36 gold pieces
  4658 | D:5      | Bought 2 fruits for 36 gold pieces
  4722 | D:6      | Noticed Duvessa
  4722 | D:6      | Noticed Dowan
  4725 | D:6      | Killed Dowan
  5143 | D:6      | Reached skill level 1 in Shields
  5191 | D:6      | Noticed Blork the orc
  5462 | D:6      | Killed Blork the orc
  5635 | D:6      | Noticed Sigmund
  5643 | D:6      | Killed Sigmund
  5676 | D:6      | Reached *** piety under Okawaru
  5732 | D:6      | Reached skill level 5 in Dodging
  5771 | D:6      | Killed Duvessa
  5771 | D:6      | Reached XP level 9. HP: 41/42 MP: 6/17
  6570 | D:6      | Reached skill level 5 in Spellcasting
  6951 | D:7      | Found a blossoming altar of Fedhas.
  6987 | D:7      | Found Fin Ollo's General Store.
  7030 | D:7      | Reached skill level 5 in Short Blades
  7074 | D:7      | Noticed Pikel
  7105 | D:7      | Killed Pikel
  7105 | D:7      | Reached **** piety under Okawaru
  7359 | D:7      | Noticed Crazy Yiuf
  7365 | D:7      | Killed Crazy Yiuf
  8167 | D:7      | Found a staircase to the Ecumenical Temple.
  8297 | D:8      | Reached XP level 10. HP: 49/49 MP: 19/19
  8881 | D:8      | Reached ***** piety under Okawaru
  9401 | D:8      | Reached skill level 5 in Invocations
  9458 | D:8      | Found a glowing silver altar of Zin.
  9548 | D:9      | Found a sparkling altar of Nemelex Xobeh.
  9629 | D:9      | Found a stormy altar of Qazlal.
  9734 | D:9      | Reached skill level 12 in Stealth
  9800 | D:9      | Noticed Maurice
  9851 | D:9      | Killed Maurice
 10259 | D:10     | Entered Level 10 of the Dungeon
 10302 | D:10     | Noticed Snorg
 10804 | D:10     | Noticed Gastronok
 10847 | D:10     | Reached skill level 5 in Shields
 11085 | D:10     | Killed Snorg
 11085 | D:10     | Received a gift from Okawaru
 11085 | D:10     | Reached XP level 11. HP: 53/53 MP: 10/22
 11388 | D:10     | Found a huge runed gate.
 11388 | D:10     | Found a huge runed gate.
 11388 | D:10     | Found a huge runed gate.
 11388 | D:10     | Found a huge runed gate.
 11389 | D:10     | Noticed a griffon
 11390 | D:10     | Noticed a griffon
 11876 | D:10     | Killed Gastronok
 12311 | D:10     | Received a gift from Okawaru
 12485 | D:10     | Reached skill level 13 in Stealth
 12514 | D:10     | Killed a griffon
 13189 | D:11     | Noticed a hill giant
 13191 | D:11     | Killed a hill giant
 13257 | D:11     | Reached skill level 10 in Dodging
 13376 | D:11     | Noticed a hill giant
 13386 | D:11     | Noticed a centaur warrior
 13486 | D:11     | Learned a level 6 spell: Invisibility
 13494 | D:11     | Learned a level 1 spell: Summon Butterflies
 13496 | D:11     | Learned a level 1 spell: Apportation
 13592 | D:11     | Killed a centaur warrior
 13592 | D:11     | Reached XP level 12. HP: 46/59 MP: 24/24
 14030 | D:11     | Found a staircase to the Lair.
 14543 | D:12     | Noticed Harold
 14549 | D:12     | Killed Harold
 14549 | D:12     | Reached ****** piety under Okawaru
 14549 | D:12     | Received a gift from Okawaru
 14549 | D:12     | Reached skill level 14 in Stealth
 14552 | D:12     | Got a heavily runed animal skin {god gift}
 14563 | D:12     | Identified the +0 animal skin of Compression {Int+3 Slay+2} (Okawaru gifted it to you on level 12 of the Dungeon)
 14860 | D:12     | Reached skill level 5 in Fighting
 14986 | D:12     | Found a staircase to the Orcish Mines.
 15080 | D:12     | Noticed a centaur warrior
 15087 | D:12     | Killed a centaur warrior
 15267 | D:13     | Found a gate to the Vaults.
 15411 | D:13     | Noticed a centaur warrior
 15422 | D:13     | Killed a centaur warrior
 15422 | D:13     | Reached skill level 10 in Hexes
 15467 | D:13     | Gained mutation: Your magical capacity is low (-10% MP). [mutagenic glow]
 15814 | D:13     | Found a labyrinth entrance.
 16167 | D:13     | Reached skill level 15 in Stealth
 16439 | D:13     | Received a gift from Okawaru
 16632 | D:13     | Reached XP level 13. HP: 64/64 MP: 24/24
 16771 | D:13     | Noticed Rupert
 16775 | D:13     | Noticed Frances
 16948 | D:13     | Killed Frances
 17265 | D:13     | Killed Rupert
 17265 | D:13     | Reached skill level 10 in Short Blades
 17689 | D:14     | Reached skill level 16 in Stealth
 17691 | D:14     | Found Ehoader's Antique Armour Shop.
 18315 | D:14     | Lost mutation: Your magical capacity is low (-10% MP). [potion of cure mutation]
 18416 | D:14     | Received a gift from Okawaru
 18441 | D:14     | Got a distressingly furry robe {god gift}
 18461 | D:14     | Identified the +1 robe "Miapiath" {*Drain rC+ Str+2 Stlth+} (Okawaru gifted it to you on level 14 of the Dungeon)
 18968 | D:14     | Gained mutation: You have large cloven feet. [helix card]
 19312 | D:15     | Entered Level 15 of the Dungeon
 19333 | D:15     | Noticed a vault guard
 19825 | D:15     | Killed a vault guard
 19851 | D:15     | Found a radiant altar of Vehumet.
 20150 | D:15     | Noticed a vault guard
 20722 | Lair:1   | Entered Level 1 of the Lair of Beasts
 20736 | Lair:1   | Noticed Urug
 20745 | Lair:1   | Killed Urug
 20795 | Lair:1   | Reached XP level 14. HP: 59/70 MP: 11/28
 20902 | Lair:1   | Learned a level 5 spell: Dispel Undead
 20933 | Lair:1   | Reached skill level 17 in Stealth
 21099 | Lair:1   | Reached skill level 1 in Necromancy
 21559 | Lair:2   | Lost mutation: You have large cloven feet. [potion of cure mutation]
 21974 | Lair:2   | Reached skill level 15 in Dodging
 22146 | Lair:3   | Reached skill level 10 in Spellcasting
 22537 | Lair:3   | Found a staircase to the Swamp.
 22607 | Lair:3   | Received a gift from Okawaru
 22620 | Lair:3   | Got a pitted cloak {god gift}
 22631 | Lair:3   | Identified the -5 cloak of the Louse {rPois rF+} (Okawaru gifted it to you on level 3 of the Lair of Beasts)
 24576 | D:5      | Bought a book of Enchantments for 550 gold pieces
 24583 | D:5      | Learned a level 6 spell: Haste
 24589 | D:5      | Learned a level 5 spell: Silence
 24905 | Lair:5   | Reached skill level 1 in Charms
 24981 | Lair:5   | Found a staircase to the Snake Pit.
 25627 | Lair:6   | Noticed kgarrison343's ghost (journeyman MiGl)
 25692 | Lair:6   | Killed kgarrison343's ghost
 26714 | Lair:7   | Found a staircase to the Slime Pits.
 26754 | Lair:7   | Reached skill level 5 in Charms
 27059 | Lair:7   | Identified a scroll of acquirement
 27243 | Lair:7   | Received a gift from Okawaru
 28018 | Lair:7   | Gained mutation: Your body sometimes deteriorates upon taking damage. [helix card]
 28040 | Lair:8   | Entered Level 8 of the Lair of Beasts
 28428 | Lair:8   | Reached XP level 15. HP: 75/75 MP: 31/31
 29331 | Orc:1    | Entered Level 1 of the Orcish Mines
 29338 | Orc:1    | Noticed an orc warlord
 29408 | Orc:1    | Killed an orc warlord
 29482 | Orc:1    | Found Becaxtua's Gadget Shop.
 29752 | Orc:2    | Entered Level 2 of the Orcish Mines
 29771 | Orc:2    | Found Wusesh's Antique Armour Shop.
 29771 | Orc:2    | Noticed an orc warlord
 29776 | Orc:2    | Received a gift from Okawaru
 30192 | Orc:1    | Killed an orc warlord
 30451 | Orc:2    | Found a frozen archway.
 30574 | Orc:2    | Found a staircase to the Elven Halls.
 30609 | Orc:2    | Found Zeib's Jewellery Emporium.
 30628 | Orc:2    | Reached skill level 18 in Stealth
 30878 | Orc:2    | Found Kiuroff's General Store.
 31224 | Orc:2    | Reached skill level 1 in Air Magic
 31516 | Orc:2    | Found Totwaoff's Antique Weapon Emporium.
 32130 | Swamp:1  | Entered Level 1 of the Swamp
 32478 | Swamp:1  | Received a gift from Okawaru
 33974 | Swamp:2  | Killed from afar by a spriggan druid

Skill      XL: |  1  2  3  4  5  6  7  8  9 10 11 12 13 14 15 |
---------------+----------------------------------------------+-----
Hexes          | 4 5 6 7 8 9 10 11 12 | 12.4
Spellcasting   | 3 4 5 6 7 9 11 12 | 12.4
Stealth        | 5 6 7 9 11 12 13 15 16 17 18 | 18.3
Fighting       | 1 2 3 4 5 6 7 8 |  8.0
Short Blades   | 2 4 5 6 8 9 11 12 | 12.5
Invocations    | 3 4 5 |  5.1
Dodging        | 5 6 8 10 12 14 16 17 | 17.5
Shields        | 1 3 5 |  5.6
Necromancy     | 4 |  4.0
Charms         | 6 9 |  9.2
Air Magic      | 2 |  2.6

Action                   |  1- 3 |  4- 6 |  7- 9 | 10-12 | 13-15 || total
-------------------------+-------+-------+-------+-------+-------++-------
Melee: Dagger            |   125 |   105 |   339 |  1031 |  1360 ||  2960
       Kick              |       |       |       |       |    50 ||    50
       Short sword       |       |       |       |       |    51 ||    51
 Fire: Blowgun           |       |       |       |     8 |    19 ||    27
 Cast: Corona            |     2 |       |       |       |       ||     2
       Ensorcelled Hiber |    13 |    28 |    50 |   147 |   218 ||   456
       Confuse           |       |     7 |    30 |    75 |    74 ||   186
       Dazzling Spray    |       |     1 |     8 |    17 |     6 ||    32
       Invisibility      |       |       |       |     6 |    20 ||    26
       Dispel Undead     |       |       |       |       |     5 ||     5
       Silence           |       |       |       |       |     4 ||     4
Evoke: Wand              |       |       |     4 |    10 |     1 ||    15
       Deck              |       |       |       |       |    11 ||    11
  Use: Scroll            |       |     9 |     6 |    20 |    13 ||    48
       Potion            |       |       |       |     5 |    14 ||    19
 Stab: Sleeping          |    20 |    35 |    45 |   123 |   270 ||   493
       Confused          |       |     4 |    15 |    42 |    49 ||   110
       Invisible         |       |       |     1 |    25 |    79 ||   105
       Distracted        |       |       |       |     3 |     3 ||     6
  Eat: Bread ration      |       |     1 |       |     3 |     2 ||     6
       Fruit             |       |       |     3 |       |    11 ||    14
       Royal jelly       |       |       |     1 |       |     1 ||     2
       Pizza             |       |       |       |       |     1 ||     1
Armor: Robe              |    18 |     6 |    14 |    25 |       ||    63
       Animal skin       |       |       |       |    14 |    32 ||    46
Dodge: Dodged            |    75 |    44 |   133 |   400 |   536 ||  1188
Block: Buckler           |       |     1 |    67 |   223 |   317 ||   608
